 Dungeon Crawl Stone Soup version 0.28-a0-1415-g7c84da036a (webtiles) character file.

Game seed: 14839669277634478010

31 southernslant the Poker (level 3, 0/22 HPs)
             Began as a Gargoyle Gladiator on Jan 7, 2022.
             Slain by a goblin (1 damage)
             ... led by Robin
             ... on level 2 of the Dungeon.
             The game lasted 00:01:22 (533 turns).

southernslant the Poker (Gargoyle Gladiator)         Turns: 533, Time: 00:01:23

Health: 0/22       AC:  7    Str: 17    XL:     3   Next: 22%
Magic:  3/3        EV: 12    Int:  8    God:
Gold:   7          SH:  0    Dex: 13    Spells: 2/2 levels left

rFire   . . .      SeeInvis .   a - +0 trident
rCold   . . .      Faith    .   (no shield)
rNeg    + . .      Spirit   .   b - +0 leather armour
rPois   ∞          Reflect  .   c - +0 helmet
rElec   +          Harm     .   (no cloak)
rCorr   .          Rampage  .   (no gloves)
Will    .....                   (no boots)
Stlth   +.........              (no amulet)
HPRegen 0.07/turn               (no ring)
MPRegen 0.08/turn               (no ring)

@: no status effects
A: sickness immunity, AC +3, negative energy resistance 1, electricity
resistance, torment resistance 1, petrification resistance
a: no special abilities


You were on level 2 of the Dungeon.
You visited 1 branch of the dungeon, and saw 2 of its levels.

You collected 7 gold pieces.

Inventory:

Hand Weapons
 a - a +0 trident (weapon)
Missiles
 d - 3 throwing nets (quivered)
Armour
 b - a +0 leather armour (worn)
 c - a +0 helmet (worn)
Magical Staves
 f - a staff of air
Scrolls
 e - 4 scrolls of fog {unknown}
 g - a scroll of identify {unknown}


   Skills:
 * Level 2.8 Fighting
 + Level 2.8 Polearms
 + Level 1.9 Throwing
 * Level 1.3 Armour
 + Level 2.5 Dodging
 + Level 1.0 Stealth


You had 2 spell levels left.
You didn't know any spells.
Your spell library was empty.

Dungeon Overview and Level Annotations

Branches:
Dungeon (2/15)

Altars:

Annotations:
D:2 Robin


Innate Abilities, Weirdness & Mutations

You are immune to sickness and miasma.
Your stone body is resilient. (AC +3)
You are immune to poison.
You resist negative energy. (rN+)
You are resistant to electric shocks. (rElec)
You are resistant to unholy torment.
You are immune to petrification.


Message History

You hit the hobgoblin.
You kill the hobgoblin!
The goblin no longer looks unusually strong.
The goblin hits you with a +0 club.
You closely miss the goblin. The goblin hits you with a +0 club.
You miss the goblin. The goblin misses you.
An endoplasm comes into view.
Robin misses you.
You barely miss the goblin. The goblin hits you but does no damage.
Robin roars a battlecry!
The goblins go into a battle-frenzy!
You barely miss Robin. The goblin hits you but does no damage.
You hit Robin.
Robin is lightly wounded.
The goblin barely misses you. The goblin hits you with a +0 club.
Robin completely misses you.
You closely miss the goblin. The goblin closely misses you.
Robin throws the goblin at you! The goblin misses you.
The goblin hits you but does no damage.
You hit the goblin but do no damage.
Robin roars a battlecry!
The goblin hits you with a +0 dagger. The goblin hits you but does no damage.
You closely miss the goblin.
The hobgoblin no longer looks unusually strong.
The goblin closely misses you. The goblin hits you but does no damage.
You barely miss the goblin. The goblin hits you but does no damage.
The goblin hits you with a +0 club.
* * * LOW HITPOINT WARNING * * *
You barely miss the goblin. The goblin hits you but does no damage.
The goblin hits you with a +0 club.
* * * LOW HITPOINT WARNING * * *
The goblin misses you.
You hit the goblin but do no damage.
The goblin hits you but does no damage. x2
You closely miss the goblin. The goblin barely misses you.
The goblin hits you but does no damage.
You aren't carrying any potions.
You hit the goblin.
You kill the goblin!
The goblin hits you with a +0 club.
You die...

.. #. .#### .# #
.#.#.. ... .. ...#
..<..# ..# #. .#.
#...# ..# #. ..
.#...####..# #. .#
...........###.##)#
#...........#g@.#
.##..##..#####g####
.......).gg.gg)#
..g..##..#######
.###.##..# ..##....
.......#.#
[########.# #. #


You could see a hobgoblin and 3 goblins.

Vanquished Creatures
  A dart slug (D:1)
  2 ball pythons (D:1)
  A bat (D:1)
  An endoplasm (D:1)
  A giant cockroach (D:1)
  7 goblins
  4 hobgoblins
  2 jackals (D:1)
  3 quokkas (D:1)
  A frilled lizard (D:1)
  A kobold (D:1)
  A rat (D:1)
25 creatures vanquished.

Notes
Turn   | Place    | Note
-------+----------+-------------------------------------------
     0 | D:1      | southernslant the Gargoyle Gladiator began the quest for
                  | the Orb.
     0 | D:1      | Reached XP level 1. HP: 12/12 MP: 1/1
   203 | D:1      | Reached XP level 2. HP: 14/18 MP: 2/2
   425 | D:1      | Reached skill level 1 in Armour
   487 | D:1      | You fall into a shaft and drop 1 floor!
   490 | D:2      | Noticed Robin
   503 | D:2      | Reached XP level 3. HP: 21/22 MP: 3/3
   505 | D:2      | Reached skill level 1 in Stealth
   530 | D:2      | HP: 1/22 [goblin[Robin] (3)]
   533 | D:2      | Slain by a goblin

Illustrated notes

Levels and vault maps discovered:
D:1:      minmay_arrival_glassed_features, layout_loops_corners,
          hellmonk_ecumenical_altar_leap_of_faith
D:2:      layout_loops_ring, uniq_natasha, uniq_robin

Skill      XL: |  1  2  3 |
---------------+----------+-----
Armour         | 1 |  1.3
Stealth        | 1 |  1.0
Fighting       | |  2.8
Polearms       | |  2.8
Throwing       | |  1.9
Dodging        | |  2.5

Action                   || total
-------------------------++-------
Melee: Trident           ||    71
       Punch             ||     1
 Stab: Sleeping          ||     2
Armor: Leather armour    ||    31
Dodge: Dodged            ||    37

Table legend: (Time is in decaauts)
 A = Elapsed time spent in this place.
 B = Non-inter-level travel time spent in this place.
 C = Inter-level travel time spent in this place.
 D = Time resting spent in this place.
 E = Time spent auto-exploring this place.
 F = Levels seen in this place.
 G = Mean time per level.
                   A        B        C        D        E       F      G
               +--------+--------+--------+--------+--------+-----+--------+
         Total |    544 |    544 |      0 |      0 |    403 |   2 |  272.0 |
       Dungeon |    544 |    544 |      0 |      0 |    403 |   2 |  272.0 |
               +--------+--------+--------+--------+--------+-----+--------+

Top non-repeatable levels by time:
     D:1: 494 daAuts
     D:2: 50 daAuts
